General information
- name: BNet
- type: Ladder team game (AT/RT)
- host: Battle.net
- saver: LetsFOOK
map: LostTemple
- players: 4
- length: 439:28
- speed: Fast
- version: 1.24 W3XP
- replay type: Public
» download(1270 KB)
Players
team 1 (loser)
ezee (
pink | 64 APM | 27888 actions | 439:06)
7 Blademaster
3 Wind Walk
3 Critical Strike
1 Bladestorm
5 Shadow Hunter
3 Hex
2 Healing Wave
1 Demon Hunter
1 Evasion
1 Priestess of the Moon
1 Scout
» actions
| Assign group hotkey | 196 | |
| Basic commands | 2396 | |
| Build / train | 172 | |
| ESC pressed | 26 | |
| Enter build submenu | 61 | |
| Enter hero's abilities submenu | 14 | |
| Give item / drop item | 32 | |
| Right click | 18726 | |
| Select / deselect | 4318 | |
| Select group hotkey | 796 | |
| Use ability | 1145 | |
27888 total
» units
| Peon | 15 | |
| Grunt | 13 | |
| Raider | 10 | |
| Tauren | 10 | |
| Demolisher | 1 | |
| Goblin Zeppelin | 11 | |
| Wind Rider | 5 | |
| Shaman | 3 | |
| Troll Witch Doctor | 7 | |
| Hippogryph | 8 | |
| Troll Batrider | 6 | |
| Faerie Dragon | 1 | |
| Chimaera | 3 | |
93 total
» upgrades
| Berserker Strength | 1 | |
| Ensnare | 1 | |
| Melee Weapons | 3 | |
| Armor | 3 | |
| Pulverize | 1 | |
| Reinforced Defenses | 1 | |
| Spiked Barricades | 1 | |
| Burning Oil | 1 | |
| Pillage | 1 | |
| Envenomed Spears | 1 | |
| Ranged Weapons | 1 | |
| Shaman Training | 2 | |
| Witch Doctor Training | 2 | |
19 total
» buildings
| Altar of Storms | 2 | |
| Orc Burrow | 14 | |
| Barracks | 1 | |
| Voodoo Lounge | 1 | |
| Stronghold | 1 | |
| Beastiary | 2 | |
| Fortress | 2 | |
| War Mill | 2 | |
| Tauren Totem | 2 | |
| Great Hall | 3 | |
| Watch Tower | 14 | |
| Spirit Lodge | 2 | |
| Tree of Ages | 2 | |
| Altar of Elders | 1 | |
| Moon Well | 5 | |
| Ancient of Wind | 1 | |
| Tree of Eternity | 1 | |
| Chimaera Roost | 1 | |
57 total
» build order
00:16 Altar of Storms
00:23 Orc Burrow
01:10 Barracks
01:30 Orc Burrow
01:58 Voodoo Lounge
03:07 Stronghold
03:32 Orc Burrow
06:25 Beastiary
06:35 Orc Burrow
08:07 Fortress
09:27 Orc Burrow
11:08 Orc Burrow
12:44 War Mill
12:47 War Mill
15:03 Tauren Totem
15:08 Tauren Totem
17:01 Orc Burrow
23:10 Great Hall
25:50 Watch Tower
27:19 Beastiary
27:25 Watch Tower
27:32 Watch Tower
28:17 Watch Tower
28:36 Watch Tower
29:39 Great Hall
29:44 Watch Tower
31:12 Great Hall
35:01 Spirit Lodge
35:08 Spirit Lodge
44:09 Watch Tower
48:25 Watch Tower
49:43 Watch Tower
50:14 Watch Tower
50:17 Watch Tower
51:19 Watch Tower
69:23 Watch Tower
69:32 Watch Tower
188:20 Orc Burrow
190:16 Orc Burrow
193:05 Orc Burrow
193:14 Orc Burrow
203:25 Orc Burrow
205:08 Altar of Storms
215:15 Tree of Ages
215:15 Tree of Ages
218:12 Altar of Elders
227:47 Orc Burrow
236:59 Moon Well
237:36 Moon Well
237:41 Moon Well
238:32 Orc Burrow
240:59 Moon Well
256:20 Ancient of Wind
291:00 Moon Well
366:39 Tree of Eternity
369:10 Chimaera Roost
» items
| Healing Salve | 1 | |
| Potion of Lesser Invulnerability | 11 | |
| Scroll of Protection | 1 | |
| Scroll of Speed | 1 | |
| Orb of Lightning | 3 | |
| Scroll of Town Portal | 9 | |
| Dust of Appearance | 4 | |
| Staff of Teleportation | 4 | |
34 total
pischman (
yellow | 20 APM | 1009 actions | 49:13)
4 Demon Hunter
2 Immolation
2 Evasion
3 Priestess of the Moon
2 Trueshot Aura
1 Searing Arrows
» actions
| Basic commands | 16 | |
| Build / train | 112 | |
| Enter build submenu | 34 | |
| Enter hero's abilities submenu | 7 | |
| Remove unit from queue | 2 | |
| Right click | 347 | |
| Select / deselect | 429 | |
| Use ability | 62 | |
1009 total
» units
| Wisp | 30 | |
| Huntress | 8 | |
| Faerie Dragon | 9 | |
| Hippogryph | 6 | |
| Chimaera | 27 | |
80 total
» upgrades
| Strength of the Wild | 3 | |
| Reinforced Hides | 3 | |
| Strength of the Moon | 2 | |
| Upgrade Moon Glaive | 1 | |
| Corrosive Breath | 1 | |
| Nature's Blessing | 1 | |
| Backpack | 1 | |
| Druid of the Talon Training | 1 | |
| Hippogryph Taming | 0 | |
| Ultravision | 1 | |
| Well Spring | 1 | |
15 total
» buildings
| Altar of Elders | 1 | |
| Moon Well | 8 | |
| Ancient of War | 1 | |
| Hunter's Hall | 1 | |
| Ancient of Wonders | 1 | |
| Tree of Ages | 1 | |
| Ancient of Wind | 1 | |
| Tree of Life | 4 | |
| Tree of Eternity | 1 | |
| Ancient Protector | 12 | |
| Chimaera Roost | 2 | |
33 total
» build order
00:11 Altar of Elders
00:14 Moon Well
01:05 Ancient of War
01:40 Moon Well
02:11 Hunter's Hall
02:19 Moon Well
03:28 Moon Well
04:25 Ancient of Wonders
05:26 Tree of Ages
07:57 Ancient of Wind
09:01 Tree of Life
09:19 Moon Well
09:25 Moon Well
10:24 Moon Well
11:19 Tree of Eternity
13:33 Ancient Protector
13:42 Chimaera Roost
13:48 Chimaera Roost
14:39 Ancient Protector
17:52 Ancient Protector
19:17 Moon Well
20:21 Tree of Life
21:53 Ancient Protector
22:36 Ancient Protector
24:46 Ancient Protector
26:16 Ancient Protector
26:23 Ancient Protector
26:32 Ancient Protector
26:42 Ancient Protector
29:03 Tree of Life
30:06 Ancient Protector
30:10 Ancient Protector
45:58 Tree of Life
» items
team 2 (winner)
LetsFOOK (
blue | 61 APM | 26672 actions | 439:28)
8 Archmage
3 Summon Water Elemental
3 Brilliance Aura
1 Blizzard
1 Mass Teleport
4 Mountain King
2 Storm Bolt
2 Bash
3 Lich
2 Frost Nova
1 Frost Armor
1 Death Knight
1 Death Coil
» actions
| Assign group hotkey | 670 | |
| Basic commands | 40 | |
| Build / train | 248 | |
| ESC pressed | 2 | |
| Enter build submenu | 168 | |
| Enter hero's abilities submenu | 15 | |
| Give item / drop item | 65 | |
| Remove unit from queue | 1 | |
| Right click | 10965 | |
| Select / deselect | 2456 | |
| Select group hotkey | 10843 | |
| Use ability | 1197 | |
26672 total
» units
| Peasant | 34 | |
| Footman | 7 | |
| Goblin Shredder | 2 | |
| Goblin Zeppelin | 5 | |
| Acolyte | 7 | |
| Siege Engine | 7 | |
| Priest | 2 | |
| Sorceress | 1 | |
| Dragonhawk Rider | 5 | |
| Mortar Team | 1 | |
| Gryphon Rider | 4 | |
| Frost Wyrm | 6 | |
81 total
» upgrades
| Masonry | 3 | |
| Lumber Harvesting | 2 | |
| Barrage | 1 | |
| Gunpowder | 3 | |
| Plating | 3 | |
| Magic Sentry | 1 | |
| Storm Hammers | 1 | |
| Cloud | 1 | |
| Swords | 3 | |
| Armor | 3 | |
| Sorceress Training | 1 | |
| Flare | 1 | |
| Priest Training | 1 | |
| Creature Carapace | 3 | |
| Creature Attack | 1 | |
28 total
» buildings
| Altar of Kings | 2 | |
| Barracks | 1 | |
| Farm | 21 | |
| Scout Tower | 92 | |
| Arcane Tower | 9 | |
| Arcane Vault | 2 | |
| Lumber Mill | 6 | |
| Guard Tower | 55 | |
| Town Hall | 3 | |
| Keep | 2 | |
| Castle | 2 | |
| Blacksmith | 1 | |
| Workshop | 4 | |
| Arcane Sanctum | 1 | |
| Necropolis | 1 | |
| Ziggurat | 10 | |
| Nerubian Tower | 5 | |
| Gryphon Aviary | 2 | |
| Halls of the Dead | 1 | |
| Altar of Darkness | 1 | |
| Graveyard | 1 | |
| Sacrificial Pit | 1 | |
| Black Citadel | 1 | |
| Boneyard | 1 | |
225 total
» build order
00:16 Altar of Kings
00:23 Barracks
00:38 Farm
00:53 Farm
01:37 Farm
01:54 Scout Tower
02:23 Arcane Tower
03:28 Scout Tower
03:30 Scout Tower
03:33 Scout Tower
03:35 Arcane Vault
03:43 Lumber Mill
04:12 Arcane Tower
04:14 Guard Tower
04:25 Scout Tower
04:27 Scout Tower
04:32 Farm
05:13 Town Hall
05:34 Guard Tower
05:37 Scout Tower
06:35 Guard Tower
06:52 Keep
07:48 Scout Tower
09:23 Guard Tower
09:41 Castle
10:19 Lumber Mill
10:21 Scout Tower
10:23 Scout Tower
10:41 Scout Tower
11:00 Guard Tower
11:17 Town Hall
12:32 Scout Tower
12:35 Scout Tower
13:13 Guard Tower
14:27 Arcane Vault
14:48 Scout Tower
15:07 Town Hall
15:12 Scout Tower
15:14 Scout Tower
15:18 Scout Tower
15:28 Scout Tower
15:31 Guard Tower
15:32 Scout Tower
16:01 Arcane Tower
16:08 Arcane Tower
16:09 Guard Tower
16:25 Guard Tower
16:29 Scout Tower
16:31 Scout Tower
16:34 Scout Tower
16:39 Scout Tower
16:40 Guard Tower
17:02 Scout Tower
17:07 Scout Tower
17:11 Guard Tower
17:13 Scout Tower
17:20 Guard Tower
17:25 Scout Tower
17:30 Blacksmith
17:37 Scout Tower
17:41 Scout Tower
17:42 Guard Tower
17:43 Scout Tower
17:59 Arcane Tower
18:03 Guard Tower
18:07 Scout Tower
18:08 Scout Tower
18:12 Guard Tower
18:15 Scout Tower
18:20 Scout Tower
18:25 Scout Tower
18:37 Guard Tower
18:40 Scout Tower
18:59 Guard Tower
19:01 Scout Tower
19:04 Arcane Tower
19:07 Guard Tower
19:10 Scout Tower
19:31 Workshop
20:11 Scout Tower
20:12 Arcane Tower
20:53 Guard Tower
21:01 Scout Tower
21:09 Workshop
21:24 Guard Tower
21:26 Scout Tower
21:57 Keep
22:00 Scout Tower
22:02 Guard Tower
22:06 Scout Tower
22:08 Arcane Tower
22:13 Scout Tower
22:15 Scout Tower
22:36 Guard Tower
22:38 Scout Tower
22:39 Scout Tower
22:47 Guard Tower
23:10 Workshop
23:23 Workshop
23:30 Scout Tower
23:33 Scout Tower
23:35 Scout Tower
23:36 Scout Tower
23:59 Arcane Sanctum
24:00 Guard Tower
24:09 Guard Tower
24:16 Necropolis
24:20 Scout Tower
24:33 Farm
24:37 Guard Tower
24:40 Altar of Kings
24:52 Guard Tower
24:56 Scout Tower
26:00 Guard Tower
26:14 Lumber Mill
26:41 Farm
26:52 Castle
27:40 Farm
27:48 Scout Tower
27:52 Lumber Mill
28:01 Scout Tower
28:04 Scout Tower
28:21 Ziggurat
28:26 Scout Tower
28:50 Farm
28:56 Farm
28:58 Guard Tower
29:06 Guard Tower
29:10 Scout Tower
29:13 Scout Tower
29:32 Ziggurat
29:39 Ziggurat
29:53 Guard Tower
29:55 Guard Tower
29:57 Scout Tower
30:30 Nerubian Tower
30:43 Farm
30:45 Farm
30:50 Scout Tower
31:02 Guard Tower
31:06 Scout Tower
31:45 Guard Tower
31:47 Scout Tower
31:52 Scout Tower
32:29 Guard Tower
32:32 Scout Tower
32:35 Scout Tower
33:00 Scout Tower
33:02 Guard Tower
33:04 Guard Tower
33:22 Gryphon Aviary
33:23 Guard Tower
33:36 Guard Tower
33:39 Scout Tower
33:42 Ziggurat
34:19 Guard Tower
34:20 Scout Tower
34:33 Scout Tower
34:42 Ziggurat
34:49 Scout Tower
34:56 Guard Tower
34:57 Scout Tower
35:45 Guard Tower
35:46 Nerubian Tower
35:56 Ziggurat
35:59 Guard Tower
36:02 Scout Tower
36:15 Ziggurat
36:38 Scout Tower
37:04 Lumber Mill
37:09 Guard Tower
37:13 Guard Tower
37:18 Scout Tower
37:19 Scout Tower
37:23 Nerubian Tower
37:44 Nerubian Tower
39:35 Guard Tower
39:40 Scout Tower
39:45 Scout Tower
40:15 Farm
40:17 Guard Tower
40:43 Lumber Mill
41:14 Gryphon Aviary
41:18 Scout Tower
43:06 Scout Tower
43:11 Scout Tower
44:09 Guard Tower
45:02 Guard Tower
45:38 Scout Tower
46:23 Guard Tower
46:28 Scout Tower
48:03 Guard Tower
48:51 Scout Tower
49:29 Guard Tower
50:26 Scout Tower
50:31 Scout Tower
50:53 Scout Tower
51:44 Guard Tower
51:51 Scout Tower
53:17 Guard Tower
54:12 Farm
54:30 Farm
54:56 Scout Tower
55:46 Ziggurat
55:48 Guard Tower
56:27 Farm
57:50 Nerubian Tower
81:06 Scout Tower
81:10 Scout Tower
82:37 Arcane Tower
90:58 Halls of the Dead
92:50 Farm
92:53 Farm
94:09 Farm
94:11 Farm
96:56 Farm
99:22 Farm
112:50 Altar of Darkness
119:50 Graveyard
123:03 Sacrificial Pit
127:44 Black Citadel
144:16 Boneyard
159:36 Ziggurat
162:08 Ziggurat
» items
| Tome of Retraining | 1 | |
| Staff of Teleportation | 2 | |
| Scroll of Regeneration | 1 | |
| Ivory Tower | 6 | |
| Staff of Sanctuary | 2 | |
| Orb of Fire | 2 | |
| Mechanical Critter | 11 | |
| Scroll of Town Portal | 12 | |
| Potion of Invisibility | 2 | |
| Boots of Speed | 1 | |
| Potion of Lesser Invulnerability | 1 | |
41 total

»
sainten (
teal | 94 APM | 1812 actions | 19:21)
4 Death Knight
2 Death Coil
2 Unholy Aura
2 Lich
1 Frost Nova
1 Frost Armor
» actions
| Assign group hotkey | 28 | |
| Basic commands | 256 | |
| Build / train | 73 | |
| ESC pressed | 4 | |
| Enter build submenu | 24 | |
| Enter hero's abilities submenu | 6 | |
| Give item / drop item | 1 | |
| Remove unit from queue | 2 | |
| Right click | 388 | |
| Select / deselect | 368 | |
| Select group hotkey | 592 | |
| Use ability | 66 | |
1812 total
» units
| Acolyte | 4 | |
| Ghoul | 3 | |
| Crypt Fiend | 7 | |
| Obsidian Statue | 3 | |
| Necromancer | 5 | |
| Frost Wyrm | 1 | |
23 total
» upgrades
| Creature Attack | 2 | |
| Burrow | 1 | |
| Web | 1 | |
| Destroyer Form | 1 | |
| Necromancer Training | 2 | |
7 total
» buildings
| Crypt | 1 | |
| Altar of Darkness | 1 | |
| Ziggurat | 9 | |
| Graveyard | 2 | |
| Tomb of Relics | 1 | |
| Halls of the Dead | 3 | |
| Slaughterhouse | 1 | |
| Temple of the Damned | 1 | |
| Black Citadel | 3 | |
| Sacrificial Pit | 1 | |
| Boneyard | 1 | |
24 total
» build order
00:23 Crypt
00:33 Altar of Darkness
00:42 Ziggurat
01:02 Graveyard
01:05 Graveyard
01:23 Tomb of Relics
01:59 Ziggurat
04:14 Ziggurat
04:24 Halls of the Dead
04:25 Halls of the Dead
06:30 Ziggurat
07:54 Slaughterhouse
09:06 Temple of the Damned
09:08 Black Citadel
09:08 Black Citadel
09:32 Ziggurat
10:54 Ziggurat
11:02 Ziggurat
12:05 Ziggurat
14:52 Sacrificial Pit
15:01 Ziggurat
17:39 Boneyard
» items
| Rod of Necromancy | 2 | |
| Sacrificial Skull | 1 | |
| Potion of Healing | 3 | |
| Scroll of Town Portal | 2 | |
8 total
Chat log
(00:29 / Allies) LetsFOOK: hi plan?
(00:37 / Allies) sainten: fiend
(00:44 / Allies) LetsFOOK: ok
(01:09 / Allies) LetsFOOK: share pls
(01:50 / Allies) sainten: you are not??
(01:55 / Allies) LetsFOOK: ?
(02:15 / Allies) sainten: what's the mean of share
(02:23 / Allies) LetsFOOK: sorry
(03:04 / Allies) sainten: ??
(03:12 / Allies) sainten: you expro here??
(03:20 / Allies) LetsFOOK: dd safer
(03:48 / Allies) sainten: then where is the place i expro
(04:00 / Allies) LetsFOOK: illfeed u
(09:21 / Allies) sainten: how about share me some gold
(09:32 / Allies) LetsFOOK: sec i make air first
(11:16 / Allies) sainten: you got 2000 more
(11:28 / Allies) sainten: can you share some for my base??
(11:38 / Allies) LetsFOOK: wait pls
(11:50 / Allies) LetsFOOK: ythey maght attak me
(11:51 / Allies) sainten: you sucks
(12:01 / Allies) sainten: gold can't defence
(12:16 / Allies) LetsFOOK: towers can
(12:42 / Allies) sainten: you really sucks
(12:57 / Allies) sainten: my base already done ,if you share
(13:21 / Allies) LetsFOOK: hold on
(14:41 / Allies) sainten: you may powerful if 1V1,but it's 2people's play
(14:52 / Allies) LetsFOOK: dont worry
(17:25 / All) sainten: man ,my partner have nearly 10000 gold already,why don't you attack
(18:52 / All) sainten: and no unit except for mass tower
(19:11 / Allies) sainten: take care my unit,thx
(19:18 / All) sainten: bye
(39:27 / All) pischman: MAN THATS ONLY FUKKING BORING !
(44:19 / All) LetsFOOK: gg?
(44:31 / All) pischman: ok.. you may leave
(45:11 / All) LetsFOOK: oh dear
(47:33 / All) LetsFOOK: gg?
(47:49 / All) pischman: fukking tanx 1
(54:57 / All) LetsFOOK: hi
(55:05 / All) LetsFOOK: caree for sum tea?
(60:23 / All) LetsFOOK: cosey?
(62:44 / All) LetsFOOK: spare gold pls
(65:28 / All) LetsFOOK: wow cheap
(65:50 / All) ezee: iam 12 years old :) on school holidays
(66:01 / All) LetsFOOK: and?
(66:15 / All) LetsFOOK: do u know u lost?
(66:37 / All) LetsFOOK: wow ceap
(66:41 / All) LetsFOOK: chepa
(66:46 / All) LetsFOOK: cheap
(78:56 / All) LetsFOOK: u massing?
(85:34 / All) LetsFOOK: plan b
(93:13 / All) LetsFOOK: u serious?
(95:52 / All) LetsFOOK: lol
(96:12 / All) LetsFOOK: u will still lose
(96:33 / All) LetsFOOK: im a master at this
(98:57 / All) LetsFOOK: nawp
(111:50 / All) LetsFOOK: gay sentry
(125:42 / All) LetsFOOK: ait it bed time?
(134:02 / All) LetsFOOK: wow nub
(142:18 / All) LetsFOOK: u r dam luky
(163:05 / All) LetsFOOK: now im gonna really kill u
(167:53 / All) LetsFOOK: lol
(169:54 / All) LetsFOOK: lol
(169:58 / All) LetsFOOK: u dead
(287:47 / All) LetsFOOK: luky shit
(295:12 / All) LetsFOOK: lolol
(330:35 / All) LetsFOOK: dam maphaker
(352:04 / All) LetsFOOK: bm nub
(352:15 / All) LetsFOOK: luky came out alter
(366:59 / All) LetsFOOK: too laggy why sanctuary always dont work
(374:20 / All) LetsFOOK: i sleep
(378:24 / All) LetsFOOK: pussy